 Dungeon Crawl Stone Soup version 0.28-a0-863-g8cecda6153 (webtiles) character file.

Game seed: 8027523711375590830

875 horus123 the Stinger (level 8, -1/59 HPs)
             Began as a Human Transmuter on Nov 17, 2021.
             Was an Initiate of Nemelex Xobeh.
             Succumbed to a water moccasin's poison
             ... on level 5 of the Dungeon.
             The game lasted 00:12:03 (7151 turns).

horus123 the Stinger (Human Transmuter)             Turns: 7151, Time: 00:12:04

Health: -1/59      AC:  2    Str:  8      XL:     8   Next: 24%
Magic:  10/14      EV: 35    Int: 22      God:    Nemelex Xobeh [......]
Gold:   280        SH:  0    Dex: 22 (23) Spells: 9/15 levels left

rFire   + . .      SeeInvis .     - Unarmed
rCold   . . .      Faith    .   (shield currently unavailable)
rNeg    + + .      Spirit   .   (armour currently unavailable)
rPois   x          Reflect  .   (helmet currently unavailable)
rElec   .          Harm     .   (cloak currently unavailable)
rCorr   .          Rampage  .   (gloves currently unavailable)
Will    .....                   (boots currently unavailable)
Stlth   ++........              g - amulet of the acrobat
HPRegen 0.19/turn               e - ring "Voraikop" {rF+ rN++ Str-2 Dex+4}
MPRegen 0.14/turn               j - +6 ring of intelligence

@: lethally poisoned (-1 -> -9), spider-form, wereblooded, acrobatic
A: venomous fangs, tiny
a: End Transformation, Renounce Religion, Draw Escape, Draw Destruction, Draw
Summoning


You were on level 5 of the Dungeon.
You worshipped Nemelex Xobeh.
Nemelex Xobeh was noncommittal.
You were a venomous arachnid creature.
You visited 2 branches of the dungeon, and saw 6 of its levels.

You collected 280 gold pieces.

Inventory:

Armour
 a - a +2 robe (melded)
 d - a +1 pair of boots (melded)
 h - a +1 pair of gloves (melded)
 m - a +2 hat (melded)
Jewellery
 e - the ring "Voraikop" (left front leg) {rF+ rN++ Str-2 Dex+4}
   (You acquired it on level 2 of the Dungeon)

   [ring of protection from fire]

   Str:       It affects your strength (-2).
   Dex:       It affects your dexterity (+4).
   rF:        It protects you from fire.
   rN:        It greatly protects you from negative energy.
 g - an amulet of the acrobat (around neck)
 j - a +6 ring of intelligence (right front leg)
 k - a ring of see invisible
Wands
 c - a wand of iceblast (10)
 l - a wand of polymorph (9)
Scrolls
 b - a scroll of enchant weapon
 f - a scroll of identify
 i - a scroll of teleportation


   Skills:
 - Level 3.6 Fighting
 - Level 2.0 Dodging
 - Level 4.0 Unarmed Combat
 - Level 4.3 Spellcasting
 - Level 4.3 Transmutations
 + Level 4.5 Poison Magic


You had 9 spell levels left.
You knew the following spells:

 Your Spells              Type           Power      Damage    Failure   Level
a - Beastly Appendage     Tmut           46%        N/A       8%          1
b - Spider Form           Tmut/Pois      24%        N/A       16%         3
c - Wereblood             Tmut           23%        N/A       10%         2

Your spell library contained the following spells:

 Spells                   Type           Power      Damage    Failure   Level
 Poisonous Vapours        Pois/Air       28%        N/A       17%         2
 Foxfire                  Conj/Fire      16%        2x1d4     26%         1
 Corpse Rot               Necr/Air       8%         N/A       36%         2
 Conjure Flame            Conj/Fire      4%         6-21      54%         3
 Gell's Gravitas          Tloc           4%         N/A       54%         3
 Inner Flame              Hex/Fire       4%         N/A       54%         3
 Lesser Beckoning         Tloc           4%         N/A       54%         3
 Teleport Other           Tloc           4%         N/A       54%         3
 Ice Form                 Ice/Tmut       14%        N/A       63%         4
 Flame Wave               Conj/Fire      4%         3d3       88%         4


Dungeon Overview and Level Annotations

Branches:
Dungeon (5/15)             Temple (1/1) D:4

Altars:
Ashenzari
Dithmenos
Hepliaklqana
Kikubaaqudgha
Makhleb
Nemelex Xobeh
Okawaru
Qazlal
Ru
Vehumet
Yredelemnul

Shops:
D:1 ?


Message History

Your +2 robe melds into your body.
The water moccasin misses you.
You hit the water moccasin but do no damage.
The water moccasin closely misses you. The water moccasin bites you.
You bite the water moccasin!
The water moccasin is moderately wounded.
The water moccasin bites you!
You hit the water moccasin.
The water moccasin is heavily wounded.
The water moccasin barely misses you.
You closely miss the water moccasin.
The water moccasin is heavily wounded.
The water moccasin completely misses you.
The water moccasin bites you.
You hit the water moccasin.
The water moccasin is heavily wounded.
The water moccasin bites you!
You are lethally poisoned!
The water moccasin poisons you!
You closely miss the water moccasin.
The water moccasin is heavily wounded.
You feel extremely sick. The water moccasin closely misses you.
You are too injured to fight recklessly!
You hit the water moccasin.
The water moccasin is poisoned.
The water moccasin is severely wounded.
* * * LOW HITPOINT WARNING * * *
You feel very sick. The water moccasin barely misses you.
* * * LOW HITPOINT WARNING * * *
You feel very sick.
The water moccasin completely misses you.
* * * LOW HITPOINT WARNING * * *
You feel very sick.
* * * LOW HITPOINT WARNING * * *
You feel very sick.
The water moccasin completely misses you.
* * * LOW HITPOINT WARNING * * *
You feel very sick.
You die...
Your body disappears without a glow.

............#####...#
............(......##
###.......#..#.#..##
......#.####.#.#)##
#####.#.# #......# #
#.#.# #..(...# #
#.#.# #.....S# # #.#
#....(.# # #.#
#...(.s# #####.#.#
#...>..# ......#.#
######.# #######.#
#.. # #.# ###
#######.# ......#.#
#####.#.# #<#


You could see a water moccasin (very poisoned).

Vanquished Creatures
  Grinder (D:4)
  A water moccasin (D:3)
  A black bear (D:5)
  Blork the orc (D:5)
  3 scorpions
  A centaur zombie (D:5)
  An orc priest (D:4)
  A bullfrog skeleton (D:5)
  Robin (D:3)
  A howler monkey skeleton (D:5)
  4 adders
  An ufetubus (D:5)
  2 worms
  A dart slug (D:3)
  5 orcs
  11 ball pythons
  9 bats
  8 endoplasms
  15 goblins
  11 hobgoblins
  4 jackals
  4 quokkas
  3 frilled lizards
  4 kobolds
  6 rats
100 creatures vanquished.

Notes
Turn   | Place    | Note
-------+----------+-------------------------------------------
     0 | D:1      | horus123 the Human Transmuter began the quest for the Orb.
     0 | D:1      | Reached XP level 1. HP: 15/15 MP: 3/3
   114 | D:1      | Found Wiushelu's Magic Scroll Shoppe.
   287 | D:1      | Reached XP level 2. HP: 13/21 MP: 3/5
   994 | D:1      | Reached XP level 3. HP: 22/26 MP: 4/6
  1814 | D:2      | Identified a scroll of acquirement
  1815 | D:2      | Acquired the ring "Voraikop" {rF+ rN++ Str-2 Dex+4}
  1949 | D:2      | Reached XP level 4. HP: 32/32 MP: 5/7
  1967 | D:2      | Learned a level 3 spell: Spider Form
  2988 | D:3      | Noticed Robin
  2996 | D:3      | Reached XP level 5. HP: 33/37 MP: 6/8
  3013 | D:3      | Killed Robin
  3504 | D:3      | Found a faded altar of an unknown god.
  3594 | D:3      | Found a basalt altar of Yredelemnul.
  3595 | D:3      | Noticed a water moccasin
  3607 | D:3      | Killed a water moccasin
  3608 | D:3      | Reached XP level 6. HP: 3/47 MP: 6/9
  3608 | D:3      | HP: 2/47 [poisoned by a water moccasin]
  4353 | D:4      | Found a staircase to the Ecumenical Temple.
  4679 | D:4      | Learned a level 2 spell: Wereblood
  5163 | D:4      | Noticed Grinder
  5166 | D:4      | Paralysed by Grinder for 4 turns
  5175 | D:4      | Paralysed by Grinder for 5 turns
  5191 | D:4      | Paralysed by Grinder for 2 turns
  5207 | D:4      | Killed Grinder
  5208 | D:4      | Reached XP level 7. HP: 18/52 MP: 8/13
  5921 | Temple   | Entered the Ecumenical Temple
  5968 | Temple   | Became a worshipper of Nemelex Xobeh the Trickster
  6005 | D:5      | Entered Level 5 of the Dungeon
  6027 | D:5      | Reached skill level 1 in Poison Magic
  6108 | D:5      | Noticed Blork the orc
  6111 | D:5      | Noticed a water moccasin
  6816 | D:5      | Reached XP level 8. HP: 59/59 MP: 8/14
  7001 | D:5      | Killed Blork the orc
  7150 | D:5      | HP: 1/59 [poisoned by a water moccasin]
  7151 | D:5      | Succumbed to a water moccasin's poison

Illustrated notes

Levels and vault maps discovered:
D:1:      psy_arrival_conway, layout_loops_cross, serial_shops,
          nicolae_shop_statue_plus
D:2:      layout_basic, dk_noncrumbling_4, hex_tiny
D:3:      layout_basic, mainiacjoe_overflow_six_doors_small,
          hellmonk_ecumenical_altar_leap_of_faith, uniq_robin
D:4:      layout_basic, minmay_temple_entry_proselytizer,
          chequers_serial_rivers_micro_b, uniq_grinder
D:5:      layout_basic, roderic_malta_cross, uniq_blork_the_orc
Temple:   eino_temple_rhombus

Skill      XL: |  1  2  3  4  5  6  7  8 |
---------------+-------------------------+-----
Unarmed Combat | 4 |  4.0
Transmutations | 3 4 |  4.3
Fighting       | 3 |  3.6
Spellcasting   | 4 |  4.3
Poison Magic   | 3 4 |  4.5
Dodging        | |  2.0

Action                   |  1- 3 |  4- 6 |  7- 9 || total
-------------------------+-------+-------+-------++-------
Melee: Unarmed           |    90 |   176 |    83 ||   349
       Kick              |    12 |    33 |    18 ||    63
       Headbutt          |     6 |    24 |     8 ||    38
       Punch             |     1 |     3 |     1 ||     5
 Cast: Beastly Appendage |    20 |    29 |     6 ||    55
       Spider Form       |       |     1 |     5 ||     6
       Wereblood         |       |     2 |     5 ||     7
  Use: Scroll            |     6 |     6 |     2 ||    14
       Potion            |       |     2 |     1 ||     3
Armor: Robe              |    31 |    53 |    16 ||   100
       Skin              |       |       |     1 ||     1
Dodge: Dodged            |    77 |   132 |    67 ||   276

Table legend: (Time is in decaauts)
 A = Elapsed time spent in this place.
 B = Non-inter-level travel time spent in this place.
 C = Inter-level travel time spent in this place.
 D = Time resting spent in this place.
 E = Time spent auto-exploring this place.
 F = Levels seen in this place.
 G = Mean time per level.
                   A        B        C        D        E       F      G
               +--------+--------+--------+--------+--------+-----+--------+
         Total |   7112 |   7017 |     95 |   1968 |   4156 |   6 | 1185.3 |
       Dungeon |   7048 |   6965 |     83 |   1968 |   4118 |   5 | 1409.6 |
        Temple |     63 |     51 |     12 |      0 |     38 |   1 |   63.0 |
               +--------+--------+--------+--------+--------+-----+--------+

Top non-repeatable levels by time:
     D:3: 1625 daAuts
     D:4: 1584 daAuts
     D:1: 1507 daAuts
     D:2: 1209 daAuts
     D:5: 1122 daAuts
  Temple: 63 daAuts
